 Dungeon Crawl Stone Soup version 0.27-a0-1081-ge8a0a9c698 (webtiles) character file.

Game seed: 12888941448422204451

184 dolemite99 the Caller (level 5, -5/34 (37) HPs)
             Began as a Gnoll Summoner on Apr 26, 2021.
             Was an Initiate of Makhleb.
             Slain by an orc
             ... wielding a +1 morningstar of draining
              (6 damage)
             ... on level 4 of the Dungeon.
             The game lasted 00:05:24 (4512 turns).

dolemite99 the Caller (Gnoll Summoner)              Turns: 4512, Time: 00:05:24

HP:   -5/34 (37)    AC:  3    Str:  9    XL:     5   Next: 64%
MP:   7/12          EV: 13    Int: 14    God:    Makhleb [......]
Gold: 130           SH:  0    Dex: 12    Spells: 8/14 levels left

rFire    . . .     SeeInvis .   c - +0 short sword
rCold    . . .     Faith    .   (no shield)
rNeg     . . .     Spirit   .   a - +1 robe
rPois    .         Reflect  .   (no helmet)
rElec    .         Harm     .   (no cloak)
rCorr    .         Rampage  .   (no gloves)
Will     .....                  (no boots)
Stlth    +++.......             (no amulet)
HPRegen  0.11/turn              (no ring)
MPRegen  0.13/turn              (no ring)

@: drained
A: fangs 1, strong nose, distributed training
a: Renounce Religion


You were on level 4 of the Dungeon.
You worshipped Makhleb.
Makhleb was noncommittal.
You visited 1 branch of the dungeon, and saw 4 of its levels.

You collected 130 gold pieces.

Inventory:

Hand Weapons
 b - a +0 scythe
 c - a +0 short sword (weapon)
Missiles
 d - 89 stones
 k - 8 poisoned darts (quivered)
 m - 7 curare-tipped darts
Armour
 a - a +1 robe (worn)
Magical Staves
 g - a staff of cold
Jewellery
 i - a ring of fire
Scrolls
 e - a scroll of blinking
 f - 2 scrolls of amnesia {unknown}
 j - 2 scrolls of teleportation {unknown}
Potions
 h - a potion of curing {unknown}
 l - a potion of flight {unknown}
 n - a potion of mutation {unknown}


   Skills:
 + Level 1.6 Fighting
 + Level 1.6 Short Blades
 + Level 1.6 Long Blades
 + Level 1.6 Axes
 + Level 1.6 Maces & Flails
 + Level 1.6 Polearms
 + Level 1.6 Staves
 + Level 1.6 Slings
 + Level 1.6 Bows
 + Level 1.6 Crossbows
 + Level 1.6 Throwing
 + Level 1.6 Armour
 + Level 4.8 Dodging
 + Level 4.4 Stealth
 + Level 1.6 Shields
 + Level 1.6 Unarmed Combat
 + Level 5.2 Spellcasting
 + Level 1.2 Conjurations
 + Level 1.2 Hexes
 + Level 7.2 Summonings
 + Level 1.2 Necromancy
 + Level 1.2 Translocations
 + Level 1.2 Transmutations
 + Level 1.2 Fire Magic
 + Level 1.2 Ice Magic
 + Level 1.2 Air Magic
 + Level 1.2 Earth Magic
 + Level 1.2 Poison Magic
 + Level 1.8 Invocations
 + Level 1.6 Evocations


You had 8 spell levels left.
You knew the following spells:

 Your Spells              Type           Power      Damage    Failure   Level
a - Summon Small Mammal   Summ           92%        N/A       1%          1
b - Call Imp              Summ           23%        N/A       1%          2
c - Call Canine Familiar  Summ           23%        N/A       2%          3

Your spell library contained the following spells:

 Spells                   Type           Power      Damage    Failure   Level
 Summon Guardian Golem    Hex/Summ       15%        N/A       9%          3
 Corona                   Hex            7%         N/A       10%         1
 Magic Dart               Conj           28%        1d4       10%         1
 Ensorcelled Hibernation  Hex/Ice        14%        N/A       16%         2
 Searing Ray              Conj           14%        3d3       16%         2
 Confusing Touch          Hex            7%         N/A       30%         3
 Dazzling Flash           Conj/Hex       14%        N/A       30%         3
 Tukima's Dance           Hex            7%         N/A       30%         3
 Summon Ice Beast         Ice/Summ       15%        N/A       30%         4
 Summon Lightning Spire   Summ/Air       15%        N/A       30%         4
 Fulminant Prism          Conj/Hex       3%         3d6       69%         4
 Iskenderun's Mystic Bla  Conj/Tloc      7%         2d4       69%         4


Dungeon Overview and Level Annotations

Branches:
Dungeon (4/15)
 Temple: D:4-7

Altars:
Elyvilon
Makhleb
Zin


Innate Abilities, Weirdness & Mutations

You have very sharp teeth.
Your uncanny sense of smell can sniff out nearby items.
Your experience applies equally to all skills.


Message History

Your hound misses the jackal. The jackal closely misses you.
The jelly barely misses your hound. The orc misses you. The jackal misses you.
Your hound closely misses the jackal.
Casting: Call Imp (safe; 1% risk of failure)
Confirm with . or Enter, or press ? or * to list all spells.
A beastly little devil appears in a puff of flame.
Your hound closely misses the jackal.
The jackal closely misses you. The jelly barely misses your hound.
The orc hits you with a +1 morningstar of draining.
You feel drained.
Your crimson imp barely misses the jelly.
Your hound barely misses the jackal.
The jackal bites you but does no damage.
The jelly hits your hound.
Your hound is splashed with acid.
The acid corrodes your hound!
Your hound bites the jelly.
Your hound is burned by acid!
The jackal misses you.
Your crimson imp hits the jelly.
Your crimson imp is burned by acid!
Your hound bites the jelly.
Your hound is burned by acid!
The jackal barely misses you. The orc barely misses your hound.
Your crimson imp hits the orc.
Your crimson imp hits the jelly.
Your crimson imp is burned by acid!
You closely miss the jackal.
The jackal is almost dead.
Your hound bites the jelly.
Your hound is burned by acid!
Your hound dies!
Your hound's corpse disappears in a puff of smoke!
The jackal closely misses you. The jelly hits you.
You are splashed with acid.
Your crimson imp hits the jelly.
Your crimson imp is burned by acid!
You hit the jelly.
You kill the jelly!
Makhleb accepts your kill. The jackal barely misses you.
The orc hits you with a +1 morningstar of draining!
* * * LOW HITPOINT WARNING * * *
You feel drained.
You die...

#############
#...<<.......
#..#..#######
#....[# #.##..#
## #.....# ...
#####.###...(
#.###.@§5......
#....oh........
#####.5.§......
+..........
#..........
...(.......
########....
.... ...


You could see an orc (ally target), a jackal and 2 friendly crimson imps.

Vanquished Creatures
  A jelly (D:4)
  Natasha (D:3)
  2 dart slugs
  4 ball pythons
  2 endoplasms
  A giant cockroach (D:3)
  2 hobgoblins
  4 jackals
  A kobold (D:1)
  3 quokkas
  3 bats
  A frilled lizard (D:2)
  3 goblins (D:1)
  3 rats
31 creatures vanquished.

Vanquished Creatures (collateral kills)
  A water moccasin (D:2)
  Natasha (twice) (D:3)
  4 adders
  3 worms
  An orc (D:3)
  2 bats
  7 endoplasms
  A giant cockroach (D:4)
  3 goblins (D:2)
  A hobgoblin (D:2)
  6 jackals
  3 kobolds
  A quokka (D:2)
  A frilled lizard (D:3)
  2 rats
38 creatures vanquished.

Vanquished Creatures (others)
  15 plants (D:3)
15 creatures vanquished.

Grand Total: 84 creatures vanquished

Notes
Turn   | Place    | Note
-------+----------+-------------------------------------------
     0 | D:1      | dolemite99 the Gnoll Summoner began the quest for the Orb.
     0 | D:1      | Reached XP level 1. HP: 13/13 MP: 6/6
   318 | D:1      | Reached XP level 2. HP: 16/19 MP: 7/7
  1079 | D:2      | Reached XP level 3. HP: 17/25 MP: 9/9
  1343 | D:2      | Reached skill level 5 in Spellcasting
  1349 | D:2      | Learned a level 2 spell: Call Imp
  1353 | D:2      | Learned a level 3 spell: Call Canine Familiar
  1709 | D:2      | Found a faded altar of an unknown god.
  1717 | D:2      | Reached skill level 1 in Invocations
  1875 | D:2      | Noticed a water moccasin
  1900 | D:2      | Killed a water moccasin
  1901 | D:2      | Reached skill level 1 in Fighting
  1901 | D:2      | Reached skill level 1 in Short Blades
  1901 | D:2      | Reached skill level 1 in Long Blades
  1901 | D:2      | Reached skill level 1 in Axes
  1901 | D:2      | Reached skill level 1 in Maces & Flails
  1901 | D:2      | Reached skill level 1 in Polearms
  1901 | D:2      | Reached skill level 1 in Staves
  1901 | D:2      | Reached skill level 1 in Slings
  1901 | D:2      | Reached skill level 1 in Bows
  1901 | D:2      | Reached skill level 1 in Crossbows
  1901 | D:2      | Reached skill level 1 in Throwing
  1901 | D:2      | Reached skill level 1 in Armour
  1901 | D:2      | Reached skill level 1 in Shields
  1901 | D:2      | Reached skill level 1 in Unarmed Combat
  1901 | D:2      | Reached skill level 1 in Conjurations
  1901 | D:2      | Reached skill level 1 in Hexes
  1901 | D:2      | Reached skill level 1 in Necromancy
  1901 | D:2      | Reached skill level 1 in Translocations
  1901 | D:2      | Reached skill level 1 in Transmutations
  1901 | D:2      | Reached skill level 1 in Fire Magic
  1901 | D:2      | Reached skill level 1 in Ice Magic
  1901 | D:2      | Reached skill level 1 in Air Magic
  1901 | D:2      | Reached skill level 1 in Earth Magic
  1901 | D:2      | Reached skill level 1 in Poison Magic
  1901 | D:2      | Reached skill level 1 in Evocations
  1901 | D:2      | Reached XP level 4. HP: 32/32 MP: 0/11
  2644 | D:3      | Noticed Natasha
  2652 | D:3      | Killed Natasha
  2653 | D:3      | Reached XP level 5. HP: 37/37 MP: 5/12
  2664 | D:3      | Noticed Natasha
  2681 | D:3      | Killed Natasha
  2904 | D:3      | Found a burning altar of Makhleb.
  2905 | D:3      | Noticed a blizzard demon
  2906 | D:3      | Found a glowing silver altar of Zin.
  2907 | D:3      | Noticed an angel
  2912 | D:3      | Became a worshipper of Makhleb the Destroyer
  3530 | D:3      | Noticed Natasha
  3540 | D:3      | Killed Natasha
  3762 | D:3      | Found a white marble altar of Elyvilon.
  4512 | D:4      | HP: 1/36 [orc/+1 morningstar of draining (13)]
  4512 | D:4      | Slain by an orc

Illustrated notes

Levels and vault maps discovered:
D:1:      lightli_arrival_lavapool, layout_loops_ring, st_stairs_7
D:2:      layout_basic, chequers_ecumenical_altar_grove
D:3:      layout_loops_ring, grunt_temple_overflow_order_and_chaos_2,
          nicolae_elyvilon_temple_path, minmay_misc_feat_room, uniq_natasha
D:4:      layout_basic, chequers_temple_overflow_minitemple,
          amcnicky_altar_gilded, serial_shops, shop,
          nicolae_shop_window_shopping, uniq_eustachio

Skill      XL: |  1  2  3 |
---------------+----------+-----
Spellcasting   | 5 |  5.2
Invocations    | 1 |  1.8
Fighting       | 1 |  1.6
Short Blades   | 1 |  1.6
Long Blades    | 1 |  1.6
Axes           | 1 |  1.6
Maces & Flails | 1 |  1.6
Polearms       | 1 |  1.6
Staves         | 1 |  1.6
Slings         | 1 |  1.6
Bows           | 1 |  1.6
Crossbows      | 1 |  1.6
Throwing       | 1 |  1.6
Armour         | 1 |  1.6
Shields        | 1 |  1.6
Unarmed Combat | 1 |  1.6
Conjurations   | 1 |  1.2
Hexes          | 1 |  1.2
Necromancy     | 1 |  1.2
Translocations | 1 |  1.2
Transmutations | 1 |  1.2
Fire Magic     | 1 |  1.2
Ice Magic      | 1 |  1.2
Air Magic      | 1 |  1.2
Earth Magic    | 1 |  1.2
Poison Magic   | 1 |  1.2
Evocations     | 1 |  1.6
Dodging        | |  4.8
Stealth        | |  4.4
Summonings     | |  7.2

Action                   |  1- 3 |  4- 6 || total
-------------------------+-------+-------++-------
Melee: Short sword       |    55 |    81 ||   136
       Scythe            |     6 |       ||     6
       Bite              |     4 |     6 ||    10
       Punch             |       |     1 ||     1
 Cast: Summon Small Mamm |    20 |    12 ||    32
       Call Imp          |     5 |    28 ||    33
       Call Canine Famil |     4 |    12 ||    16
  Use: Scroll            |     2 |     1 ||     3
 Stab: Sleeping          |     6 |     4 ||    10
       Distracted        |     1 |     1 ||     2
Armor: Robe              |    16 |    23 ||    39
Dodge: Dodged            |    62 |    83 ||   145

Table legend: (Time is in decaauts)
 A = Elapsed time spent in this place.
 B = Non-inter-level travel time spent in this place.
 C = Inter-level travel time spent in this place.
 D = Time resting spent in this place.
 E = Time spent auto-exploring this place.
 F = Levels seen in this place.
 G = Mean time per level.
                   A        B        C        D        E       F      G
               +--------+--------+--------+--------+--------+-----+--------+
         Total |   4522 |   4438 |     84 |    680 |   2892 |   4 | 1130.5 |
       Dungeon |   4522 |   4438 |     84 |    680 |   2892 |   4 | 1130.5 |
               +--------+--------+--------+--------+--------+-----+--------+

Top non-repeatable levels by time:
     D:3: 1930 daAuts
     D:2: 1481 daAuts
     D:1: 1058 daAuts
     D:4: 52 daAuts
